 Dungeon Crawl Stone Soup version 0.27-a0-1193-g8631133539 (webtiles) character file.

Game seed: 6612808749872853603

59261 lunkers the Warrior (level 15, 0/134 HPs)
             Began as a Formicid Earth Elementalist on May 25, 2021.
             Was a High Priest of Vehumet.
             Killed by divine providence
             ... invoked by Saint Roka
              (14 damage)
             ... on level 2 of the Orcish Mines on May 26, 2021.
             The game lasted 00:53:40 (29093 turns).

lunkers the Warrior (Formicid Earth Elementalist)  Turns: 29093, Time: 00:53:40

Health: 0/134      AC: 25    Str: 12      XL:     15   Next: 33%
Magic:  19/31      EV: 11    Int: 41 (42) God:    Vehumet [*****.]
Gold:   1996       SH:  6    Dex: 15      Spells: 24/39 levels left

rFire    . . .     SeeInvis +   b - staff of earth
rCold    + + .     Faith    .   p - +2 buckler {AC+3}
rNeg     + . .     Spirit   .   E - +9 ring mail of the Journeyman {rC++ Int+3}
rPois    +         Reflect  .   (helmet unavailable)
rElec    +         Harm     .   (no cloak)
rCorr    .         Rampage  .   I - +2 pair of gloves {Stlth+}
Will     +....                  c - +2 pair of boots of the Original Sin {Int+2 Dex+4}
Stlth    ++........             (no amulet)
HPRegen  0.32/turn              O - +6 ring of intelligence
MPRegen  0.22/turn              d - ring "Wacvymigg" {*Slow rElec rPois rN+ Int+9}

@: studying Fighting
A: permanent stasis, dig shafts and tunnels, antennae 3, four strong arms,
evolution 1
a: Dig, Shaft Self, Renounce Religion


You were on level 2 of the Orcish Mines.
You worshipped Vehumet.
Vehumet was extremely pleased with you.
You visited 4 branches of the dungeon, and saw 21 of its levels.

You collected 1996 gold pieces.

Inventory:

Hand Weapons
 a - a +9 flail of freezing
Missiles
 i - 3 throwing nets
 q - 542 stones
 D - 5 boomerangs of dispersal
Armour
 c - the +2 pair of boots of the Original Sin (worn) {Int+2 Dex+4}
   (You acquired it on level 1 of the Lair of Beasts)

   It affects your intelligence (+2).
   It affects your dexterity (+4).
 p - a +2 buckler of protection (worn)
 z - the +0 kite shield "Koman" {Int+4 Dex-3 Slay+5 SInv}
   (You acquired it on level 4 of the Lair of Beasts)

   It affects your intelligence (+4).
   It affects your dexterity (-3).
   It affects your accuracy and damage with ranged weapons and melee attacks
   (+5).
   It lets you see invisible.
 E - the +9 ring mail of the Journeyman (worn) {rC++ Int+3}
   (You found it on level 6 of the Dungeon)

   It affects your intelligence (+3).
   It greatly protects you from cold.
 I - a +2 pair of gloves of stealth (worn)
Magical Staves
 b - a staff of earth (weapon)
Jewellery
 d - the ring "Wacvymigg" (right hand) {*Slow rElec rPois rN+ Int+9}
   (You acquired it on level 1 of the Lair of Beasts)

   [ring of poison resistance]

   It affects your intelligence (+9).
   It insulates you from electricity.
   It protects you from poison.
   It protects you from negative energy.
   It may slow you when you take damage.
 h - a ring of flight
 u - a ring of positive energy
 O - a +6 ring of intelligence (left hand)
Wands
 x - a wand of paralysis (11)
 A - a wand of digging (12)
 G - a wand of flame (74)
 K - a wand of iceblast (36)
 Q - a wand of charming (14)
 U - a wand of polymorph (8)
Scrolls
 e - 2 scrolls of fear
 f - 3 scrolls of magic mapping
 j - 5 scrolls of enchant weapon
 k - 4 scrolls of fog
 r - a scroll of brand weapon
 w - 5 scrolls of vulnerability
 y - a scroll of silence
 F - a scroll of enchant armour
 L - a scroll of immolation
Potions
 g - 4 potions of attraction
 l - 3 potions of flight
 n - 5 potions of lignification
 o - 9 potions of heal wounds
 s - 4 potions of might
 t - 4 potions of brilliance
 B - 8 potions of curing
 C - 3 potions of magic
 M - a potion of ambrosia {unknown}
 N - 2 potions of resistance
 S - a potion of invisibility {unknown}
 T - a potion of mutation {unknown}
Miscellaneous
 H - a tin of tremorstones (2/2)


   Skills:
 + Level 17.3 Fighting
 - Level 7.0 Armour
 - Level 1.7 Dodging
 - Level 2.4 Stealth
 - Level 2.4 Shields
 + Level 12.6 Spellcasting
 - Level 1.1 Transmutations
 + Level 16.1 Earth Magic


You had 24 spell levels left.
You knew the following spells:

 Your Spells              Type           Power      Damage    Failure   Level
a - Stone Arrow           Conj/Erth      100%       3d13      1%          3
b - Passwall              Tmut/Erth      81%        N/A       1%          2
c - Sandblast             Erth           100%       2d20      0%          1
d - Lee's Rapid Deconstr  Erth           63%        3d30*     1%          5
e - Petrify               Tmut/Erth      98%        N/A       1%          4

Your spell library contained the following spells:

 Spells                   Type           Power      Damage    Failure   Level
 Bolt of Magma            Conj/Fire/Erth 40%        4d17      2%          5
 Beastly Appendage        Tmut           70%        N/A       1%          1
 Sting                    Tmut/Pois      100%       1d8       1%          1
 Poisonous Vapours        Pois/Air       50%        N/A       1%          2
 Ignite Poison            Fire/Tmut/Pois 28%        N/A       1%          3
 Animate Skeleton         Necr           50%        N/A       2%          1
 Apportation              Tloc           50%        N/A       2%          1
 Corona                   Hex            27%        N/A       2%          1
 Pain                     Necr           100%       1d9       2%          1
 Summon Small Mammal      Summ           100%       N/A       2%          1
 Wereblood                Tmut           35%        N/A       2%          2
 Conjure Flame            Conj/Fire      25%        6-21      2%          3
 Mephitic Cloud           Conj/Pois/Air  25%        N/A       2%          3
 Spider Form              Tmut/Pois      15%        N/A       6%          3
 Olgreb's Toxic Radiance  Pois           25%        N/A       7%          4
 Vampiric Draining        Necr           12%        2d7       8%          3
 Ice Form                 Ice/Tmut       30%        N/A       21%         4
 Animate Dead             Necr           12%        N/A       26%         4
 Summon Ice Beast         Ice/Summ       25%        N/A       26%         4
 Summon Lightning Spire   Summ/Air       25%        N/A       26%         4
 Hydra Form               Tmut           17%        N/A       41%         5
 Agony                    Necr           25%        N/A       56%         5
 Eringya's Noxious Bog    Tmut/Pois      15%        N/A       58%         6
 Freezing Cloud           Conj/Ice/Air   12%        6-21      65%         6


Dungeon Overview and Level Annotations

Branches:
Dungeon (12/15)            Temple (1/1) D:6            Lair (6/6) D:11
 Shoals (0/4) Lair:3       Spider (0/4) Lair:3        Slime (0/5) Lair:6
    Orc (2/2) D:10            Elf (0/3) Orc:2

Altars:
Ashenzari
Cheibriados
Dithmenos
Elyvilon
Fedhas
Gozag
Hepliaklqana
Kikubaaqudgha
Makhleb
Nemelex Xobeh
Okawaru
Qazlal
Ru
Sif Muna
Trog
Uskayaw
Vehumet
Wu Jian
Xom
Yredelemnul
Zin
The Shining One
Jiyva

Shops:
D:6 (   Orc:1 [

Portals:
Trove: D:10 (give 7 scrolls of fog)

Annotations:
D:3 3 runed translucent doors, experimilk's ghost, amateur GrEE; zarzak's ghost, amateur DgFi
D:9 3 runed translucent doors, DarkMailMan's ghost, novice OpTm
Lair:4 exclusion: 3 oklob plants
Orc:2 Saint Roka


Innate Abilities, Weirdness & Mutations

You cannot be hasted, slowed, berserked, paralysed or teleported.
You can dig through walls and to a lower floor.
You have a pair of large antennae on your head. (SInv)
Your four strong arms can wield two-handed weapons with a shield.
You evolve.


Message History

Unknown command.
You hear a shout!
The orc no longer looks unusually strong.
The orc high priest calls upon Beogh to heal Saint Roka.
Saint Roka is healed somewhat.
Saint Roka roars a battlecry!
The orcs go into a battle-frenzy!
An orc wizard comes into view. It is wielding a +0 dagger.
The orc wizard shouts!
The orc shouts!
You block the orc's attack. The neqoxec gestures at you.
You feel dopey. Something feeds on your intellect!
The orc warrior no longer looks unusually strong.
The orc priest mumbles some strange prayers to Beogh against you.
Beogh smites you!
* * * LOW HITPOINT WARNING * * *
The orc high priest calls down the wrath of Beogh upon you.
Beogh smites you!
* * * LOW HITPOINT WARNING * * *
Saint Roka calls down the wrath of Beogh upon you.
Beogh smites you!
* * * LOW HITPOINT WARNING * * *
Unknown command.
The orc wizard no longer looks unusually strong.
The orc warrior no longer looks unusually strong.
You block the orc's attack. The orc warrior completely misses you.
The orc priest looks encouraged for a moment.
The orc warrior hits you but does no damage.
Saint Roka roars a battlecry!
The orcs go into a battle-frenzy!
The orc high priest mumbles some strange prayers to Beogh.
Unknown command.
The orc priest no longer looks unusually strong.
The orc hits you but does no damage.
The orc warrior hits you with a +0 war axe!
* * * LOW HITPOINT WARNING * * *
Saint Roka invokes the aid of Beogh against you.
Beogh smites you!
You die...

........###..#..#.....### #
........#............##.## #. #
...................[.....#.##..##
$..........[.)[).)<.......... ..
...........o...oo[[[...)..... #
..........#[3o4#4.o[..##.###.
............4oo#ooo[.## .# #$..
#............)o..o.3## # ##..
#........o.o..oo@.)[[# #...
##.............o......... .....
......................... ......
.#..............######...# ####.
......$......## .... ##.
.....#...#.## {.. ....##...# ..
....# ##...


You could see Saint Roka, 2 orc high priests, an orange demon (summoned), a rust
devil (summoned), a smoke demon (summoned), a neqoxec (summoned), a chaos spawn
(summoned), an orc sorcerer (strong), 4 orc warriors, an orc priest, an orc
wizard and 7 orcs.

Vanquished Creatures
  An orc warlord (D:10)
  2 catoblepae (Lair:6)
  12 hydras
  2 two-headed ogres
  A deep troll shaman (Lair:6)
  4 death yaks (Lair:6)
  2 orc high priests (Orc:2)
  Nergalle (Lair:2)
  The ghost of bronco the Thaumaturge, a novice DEIE of Sif Muna (D:10)
  4 skeletal warriors (D:11)
  2 lindwurms (Lair:6)
  2 orc sorcerers (Orc:2)
  A manticore (D:11)
  An oklob plant (Lair:4)
  12 elephants
  A merfolk siren (Lair:3)
  An ice statue (D:11)
  2 cyclopes (D:12)
  Joseph (D:7)
  4 black mambas
  An unseen horror (D:12)
  10 cane toads
  7 rime drakes
  7 komodo dragons
  2 polar bears
  3 trolls
  A hornet (D:9)
  Prince Ribbit (D:5)
  20 blink frogs
  A spriggan (Lair:6)
  A meliai zombie (D:10)
  A shadow (D:12)
  A tarantella (Lair:3)
  A wraith (D:11)
  17 yaks
  A wyvern (Lair:3)
  Eustachio (D:5)
  4 basilisks
  A steam dragon (D:8)
  Edmund (D:3)
  An acid dragon (D:10)
  7 wargs (Orc:1)
  18 water moccasins
  19 orc warriors
  2 ice beasts (D:7)
  A sky beast (D:7)
  3 ogres (Orc:1)
  5 black bears
  3 necrophages
  38 wolves
  3 centaurs
  2 phantoms (D:6)
  14 bullfrogs
  3 kobold brigands
  2 gnoll sergeants
  2 scorpions
  A wyvern zombie (D:7)
  A wyvern skeleton (D:5)
  13 wights
  8 killer bees
  7 electric eels
  A howler monkey (D:10)
  2 centaur zombies
  2 hounds
  21 orc priests
  2 jellies
  2 bullfrog skeletons
  A centaur skeleton (D:7)
  3 iguanas
  25 orc wizards
  8 hell rats
  A hound skeleton (D:4)
  2 howler monkey zombies (D:6)
  4 adders
  8 gnolls
  3 river rats (Lair:3)
  14 white imps
  3 ufetubi
  2 worms
  4 dart slugs
  49 orcs
  6 endoplasms
  7 giant cockroaches
  5 goblins
  5 hobgoblins
  8 jackals
  20 kobolds
  5 quokkas
  10 ball pythons
  3 bats
  8 frilled lizards
  6 rats
532 creatures vanquished.

Vanquished Creatures (others)
  5 fungi
  50 plants
55 creatures vanquished.

Grand Total: 587 creatures vanquished

Notes
Turn   | Place    | Note
-------+----------+-------------------------------------------
     0 | D:1      | lunkers the Formicid Earth Elementalist began the quest for
                  | the Orb.
     0 | D:1      | Reached XP level 1. HP: 13/13 MP: 3/3
   198 | D:1      | Reached XP level 2. HP: 15/19 MP: 1/5
   455 | D:1      | Reached XP level 3. HP: 24/24 MP: 1/6
   822 | D:1      | Found a faded altar of an unknown god.
  1211 | D:2      | Reached skill level 5 in Earth Magic
  1211 | D:2      | Reached XP level 4. HP: 30/30 MP: 5/8
  1998 | D:3      | Found a snail-covered altar of Cheibriados.
  2004 | D:3      | Learned a level 2 spell: Passwall
  2008 | D:3      | Learned a level 3 spell: Stone Arrow
  2051 | D:3      | Reached XP level 5. HP: 35/35 MP: 9/9
  2644 | D:3      | Found a runed translucent gate.
  2654 | D:3      | Found a runed translucent gate.
  2655 | D:3      | Found a runed translucent gate.
  2656 | D:3      | Noticed zarzak's ghost (amateur DgFi)
  2658 | D:3      | Noticed experimilk's ghost (amateur GrEE)
  2946 | D:4      | Noticed Edmund
  2950 | D:3      | Killed Edmund
  2951 | D:3      | Reached XP level 6. HP: 36/41 MP: 8/12
  3344 | D:4      | Identified the +0 ring mail of Elyvilon's Supremacy {rC++
                  | Str-5 Int+4}
  3426 | D:4      | Identified Sif Muna's Almanac of Supportive Shape Shifting
  3727 | D:4      | Reached XP level 7. HP: 46/46 MP: 6/13
  4022 | D:5      | Entered Level 5 of the Dungeon
  4025 | D:5      | Found a shimmering altar of Xom.
  4424 | D:5      | Noticed Prince Ribbit
  4428 | D:5      | Killed Prince Ribbit
  4429 | D:5      | Reached skill level 5 in Spellcasting
  4599 | D:5      | Reached XP level 8. HP: 40/52 MP: 2/15
  4736 | D:5      | Found a sacrificial altar of Ru.
  4745 | D:5      | Found an iron altar of Okawaru.
  4748 | D:5      | Found a sparkling altar of Nemelex Xobeh.
  4749 | D:5      | Found an ornate altar of the Wu Jian Council.
  5024 | D:5      | Noticed Eustachio
  5026 | D:5      | Killed Eustachio
  5061 | D:5      | Found a blossoming altar of Fedhas.
  5228 | D:6      | Found Nyogoonu's Antique Weapon Shoppe.
  5371 | D:6      | Reached skill level 10 in Earth Magic
  5711 | D:6      | Reached XP level 9. HP: 51/57 MP: 7/18
  5881 | D:6      | Found a staircase to the Ecumenical Temple.
  5935 | D:6      | Identified the +9 ring mail of the Journeyman {rC++ Int+3}
  6144 | D:6      | Reached skill level 1 in Fighting
  6540 | D:7      | Reached skill level 2 in Fighting
  6581 | D:7      | Noticed Joseph
  6585 | D:7      | Killed Joseph
  6771 | D:7      | Reached skill level 3 in Fighting
  7139 | D:7      | Identified the +7 spear of Past Mistakes {vorpal, rElec
                  | Str+4}
  7217 | D:7      | Reached XP level 10. HP: 71/71 MP: 14/21
  7262 | D:7      | Found a radiant altar of Vehumet.
  7376 | D:7      | Reached skill level 4 in Fighting
  7751 | D:7      | Found a shadowy altar of Dithmenos.
  8290 | D:8      | Found a shimmering blue altar of Sif Muna.
  8531 | D:8      | Reached skill level 5 in Fighting
  8949 | D:9      | Learned a level 5 spell: Lee's Rapid Deconstruction
  8954 | D:9      | Learned a level 4 spell: Petrify
  9019 | D:9      | Found a runed translucent gate.
  9019 | D:9      | Found a runed translucent gate.
  9021 | D:9      | Found a runed translucent gate.
  9021 | D:9      | Noticed a freezing wraith
  9021 | D:9      | Noticed DarkMailMan's ghost (novice OpTm)
  9025 | D:9      | Reached skill level 6 in Fighting
  9207 | D:9      | Found a broken altar of Ashenzari.
  9387 | D:9      | Found a bloodstained altar of Trog.
  9406 | D:9      | Reached skill level 7 in Fighting
 10104 | D:10     | Entered Level 10 of the Dungeon
 10104 | D:10     | Found a portal to a secret trove of treasure.
 10112 | D:10     | Reached skill level 8 in Fighting
 10283 | D:10     | Noticed a two-headed ogre
 10289 | D:10     | Killed a two-headed ogre
 10290 | D:10     | Reached skill level 9 in Fighting
 10290 | D:10     | Reached XP level 11. HP: 89/89 MP: 12/22
 10494 | D:10     | Noticed bronco's ghost (novice DEIE)
 10495 | D:10     | Found a runed translucent door.
 10497 | D:10     | Noticed a storm dragon
 10704 | D:10     | Found a staircase to the Orcish Mines.
 10867 | D:10     | Reached skill level 10 in Fighting
 11715 | D:10     | Found a stormy altar of Qazlal.
 11957 | D:11     | Found a frozen archway.
 11977 | D:11     | Noticed a two-headed ogre
 11982 | D:11     | Reached skill level 11 in Fighting
 12307 | D:11     | Noticed a manticore
 12310 | D:11     | Killed a manticore
 12466 | D:11     | Killed a two-headed ogre
 12585 | D:11     | Noticed a skeletal warrior
 12585 | D:11     | Noticed a skeletal warrior
 12586 | D:11     | Noticed a skeletal warrior
 12613 | D:11     | Killed a skeletal warrior
 12614 | D:11     | Reached skill level 12 in Fighting
 12615 | D:11     | Killed a skeletal warrior
 12727 | D:11     | Killed a skeletal warrior
 13004 | D:11     | Noticed a skeletal warrior
 13011 | D:11     | Killed a skeletal warrior
 13012 | D:11     | Reached skill level 13 in Fighting
 13270 | D:11     | Reached XP level 12. HP: 105/105 MP: 7/23
 13544 | Temple   | Entered the Ecumenical Temple
 13767 | D:7      | Became a worshipper of Vehumet
 13864 | D:10     | Killed bronco's ghost
 13867 | D:10     | HP: 2/105 [storm dragon/bolt of lightning (31)]
 13868 | D:10     | You fall into a shaft and drop 2 floors!
 14333 | D:12     | Reached skill level 14 in Fighting
 14530 | D:12     | Reached skill level 1 in Armour
 14760 | D:11     | Found a staircase to the Lair.
 14857 | Lair:1   | Entered Level 1 of the Lair of Beasts
 16149 | Lair:1   | Identified 3 scrolls of acquirement
 16149 | Lair:1   | Acquired the +2 pair of boots of the Original Sin {Int+2
                  | Dex+4}
 16166 | Lair:1   | Acquired the ring "Wacvymigg" {*Slow rElec rPois rN+ Int+9}
 16584 | Lair:2   | Noticed a seven-headed hydra
 16591 | Lair:2   | Killed a seven-headed hydra
 16959 | Lair:2   | Noticed a seven-headed hydra
 16980 | Lair:2   | Killed a seven-headed hydra
 17142 | Lair:2   | Noticed a six-headed hydra
 17165 | Lair:2   | Killed a six-headed hydra
 17350 | Lair:2   | Acquired a +2 buckler of protection
 17518 | Lair:2   | Noticed Nergalle
 17560 | Lair:2   | Killed Nergalle
 17561 | Lair:2   | Reached skill level 5 in Armour
 17561 | Lair:2   | Reached skill level 1 in Shields
 17561 | Lair:2   | Reached XP level 13. HP: 114/114 MP: 11/26
 17846 | Lair:2   | Reached * piety under Vehumet
 17846 | Lair:2   | Offered knowledge of Foxfire by Vehumet.
 18411 | Lair:3   | Found a hole to the Spider Nest.
 18420 | Lair:3   | Identified the +5 ring mail of the Pit {Fly Str-3 Dex+7}
 18632 | Lair:3   | Reached skill level 15 in Fighting
 18858 | Lair:3   | Found a staircase to the Shoals.
 18868 | Lair:3   | Reached skill level 10 in Spellcasting
 19239 | Lair:3   | Noticed a six-headed hydra
 19267 | Lair:3   | Killed a six-headed hydra
 19267 | Lair:3   | Offered knowledge of Shock by Vehumet.
 19270 | Lair:3   | Reached ** piety under Vehumet
 20256 | Lair:4   | Noticed a five-headed hydra
 20261 | Lair:4   | Killed a five-headed hydra
 20360 | Lair:4   | Noticed a five-headed hydra
 20368 | Lair:4   | Killed a five-headed hydra
 20375 | Lair:4   | Acquired the +0 kite shield "Koman" {Int+4 Dex-3 Slay+5
                  | SInv}
 21753 | Lair:5   | Noticed a five-headed hydra
 21767 | Lair:4   | Reached XP level 14. HP: 91/123 MP: 10/28
 21774 | Lair:4   | Offered knowledge of Static Discharge by Vehumet.
 22138 | Lair:4   | Reached *** piety under Vehumet
 22913 | Lair:5   | Reached skill level 16 in Fighting
 22954 | Lair:5   | Offered knowledge of Inner Flame by Vehumet.
 23606 | Lair:5   | Reached skill level 15 in Earth Magic
 24148 | Lair:6   | Entered Level 6 of the Lair of Beasts
 24514 | Lair:6   | Reached **** piety under Vehumet
 24731 | Lair:6   | Offered knowledge of Sticky Flame by Vehumet.
 24772 | Lair:6   | Found a viscous altar of Jiyva.
 24773 | Lair:6   | Found a staircase to the Slime Pits.
 25904 | Lair:6   | Reached XP level 15. HP: 132/132 MP: 7/31
 26457 | Orc:1    | Entered Level 1 of the Orcish Mines
 26915 | Orc:1    | Noticed an orc warlord
 26947 | D:10     | Killed an orc warlord
 27294 | Orc:1    | Found Zizol's Antique Armour Shoppe.
 27374 | Orc:1    | Reached skill level 17 in Fighting
 28228 | Orc:2    | Entered Level 2 of the Orcish Mines
 28228 | Orc:2    | Found a staircase to the Elven Halls.
 28228 | Orc:2    | Noticed Saint Roka
 28491 | Orc:2    | Reached ***** piety under Vehumet
 28515 | Orc:2    | Offered knowledge of Bolt of Magma by Vehumet.
 29088 | Orc:2    | Gained mutation: You evolve. [a neqoxec]
 29093 | Orc:2    | Killed from afar by Saint Roka

Illustrated notes

Levels and vault maps discovered:
D:1:      erik_arrival_triangle_medium, layout_basic,
          ebering_ecumenical_altar_webs, minmay_misc_feat_doors
D:2:      layout_basic
D:3:      layout_loops_ring, kennysheep_slug_shrine, gammafunk_ghost_cemetery
D:4:      layout_loops_ring, uniq_edmund
D:5:      layout_basic, general_overflow_altar, marbit_many_paths, minitemple,
          uniq_eustachio, uniq_prince_ribbit1
D:6:      layout_basic, minmay_temple_entry_purple_smoke, serial_shops, shop,
          kennysheep_generic_room_11
D:7:      layout_gridville, grunt_dithmenos_smoke_and_mirrors,
          vehumet_altar_wand_db, uniq_joseph
D:8:      layout_rooms, led_sif_pool, sigmund_army
D:9:      layout_irregular_city, trog_ov_bears_minmay, kennysheep_mini,
          gammafunk_ghost_split, minmay_crystal_room
D:10:     layout_loops_corners, nicolae_qazlal_eye_of_the_storm, orc_0_dummy,
          enter_trove_1, ebering_ghost_inner_flame
D:11:     lemuel_ice_statue, layout_basic, david_lair_shrubbed,
          portal_ice_cave_entry_imps, small_statue_alley_a
D:12:     layout_irregular_city, okawaru_trees_1, uniq_josephine
Temple:   jpeg_temple_island
Lair:1:   statuecave_lemuel, layout_loops_ring, minmay_stone_trees_medium
Lair:2:   layout_gridlike, uniq_nergalle
Lair:3:   wander_river, layout_small_grid, elwin_shoals_entry_rooms,
          spider_nest_entry_rubble, pond
Lair:4:   layout_hall_layers, minmay_lair_oklob_chamber, serial_bayou_shore_a,
          infiniplex_staircase_pool_2
Lair:5:   layout_cave_shapes, hangedman_lair_unloving_vines,
          grunt_forest_large_clearings, grunt_megastairs_3
Lair:6:   grunt_lair_end_beastmaster, layout_big_grid,
          dpeg_slime_entry_enclosed_altar, enter_volcano_4,
          bh_autumn_forest_stairs, grunt_forest_large_clearing_hut,
          lemuel_fruit_tree
Orc:1:    cheibrodos_orc_guarddog, layout_diamond_mine, serial_shops,
          nicolae_shop_stone
Orc:2:    st_orc_mages, layout_caves, serial_shops, shop_statue, uniq_saint_roka

Skill      XL: |  1  2  3  4  5  6  7  8  9 10 11 12 13 14 15 |
---------------+----------------------------------------------+-----
Earth Magic    | 4 5 7 8 10 12 13 14 15 16 | 16.1
Spellcasting   | 3 4 5 6 7 9 10 12 | 12.6
Fighting       | 3 9 13 14 15 16 17 | 17.3
Armour         | 5 7 |  7.0
Shields        | 1 2 |  2.4
Dodging        | |  1.7
Stealth        | |  2.4
Transmutations | |  1.1

Action                   |  1- 3 |  4- 6 |  7- 9 | 10-12 | 13-15 || total
-------------------------+-------+-------+-------+-------+-------++-------
Melee: Unarmed           |    11 |       |       |       |       ||    11
       Staff             |       |    77 |     5 |    70 |   312 ||   464
 Cast: Sandblast         |    47 |    39 |    12 |    32 |    37 ||   167
       Stone Arrow       |       |    13 |    78 |   229 |   494 ||   814
       Lee's Rapid Decon |       |       |       |    13 |    13 ||    26
 Abil: Dig               |       |       |       |     4 |     3 ||     7
       Shaft Self        |       |       |       |     1 |       ||     1
Evoke: Wand              |       |       |       |       |     1 ||     1
  Use: Scroll            |       |       |       |    23 |     7 ||    30
 Stab: Sleeping          |       |     2 |       |       |       ||     2
Armor: Robe              |     3 |       |       |       |       ||     3
       Leather armour    |     6 |    34 |     2 |       |       ||    42
       Ring mail         |       |       |    13 |   108 |   486 ||   607
Dodge: Dodged            |     7 |    48 |    12 |    77 |   435 ||   579
Block: Buckler           |       |       |       |       |   267 ||   267

Table legend: (Time is in decaauts)
 A = Elapsed time spent in this place.
 B = Non-inter-level travel time spent in this place.
 C = Inter-level travel time spent in this place.
 D = Time resting spent in this place.
 E = Time spent auto-exploring this place.
 F = Levels seen in this place.
 G = Mean time per level.
                   A        B        C        D        E       F      G
               +--------+--------+--------+--------+--------+-----+--------+
         Total |  29334 |  28048 |   1286 |   3864 |  19776 |  21 | 1396.9 |
       Dungeon |  15318 |  14329 |    989 |   1448 |  10836 |  12 | 1276.5 |
        Temple |    195 |    178 |     17 |      0 |    177 |   1 |  195.0 |
          Lair |  11666 |  11415 |    251 |   1857 |   7724 |   6 | 1944.3 |
  Orcish Mines |   2153 |   2126 |     27 |    559 |   1038 |   2 | 1076.5 |
               +--------+--------+--------+--------+--------+-----+--------+

Top non-repeatable levels by time:
  Lair:4: 3037 daAuts
    D:10: 2537 daAuts
  Lair:6: 2142 daAuts
   Orc:1: 1864 daAuts
  Lair:2: 1820 daAuts
  Lair:3: 1811 daAuts
    D:11: 1646 daAuts
  Lair:1: 1625 daAuts
     D:9: 1421 daAuts
     D:6: 1379 daAuts
     D:5: 1301 daAuts
  Lair:5: 1229 daAuts
     D:7: 1206 daAuts
     D:4: 1072 daAuts
     D:3: 1040 daAuts
